Map: Crimson Court LE

Players

iceau - Winner!

  • Race: Protoss Protoss
  • League: Master
  • Spawn Location: 1:00

Huntedswarm

  • Race: Zerg Zerg
  • League: Diamond
  • Spawn Location: 7:00

VOD

Have the link to the VOD?

Description

Time

  • Played on: Nov. 9, 2024, 8:08 p.m.
  • Length: 9:18
Show
View Real Time Build Order
Export as new Build Order

iceau Protoss - Winner!

Build Orders: Oracle Opening 

Get SALT Encoding   

  12  0:01  Probe  
  13  0:14  Probe  
  14  0:20  Pylon  
  14  0:26  Probe  
  15  0:38  Probe (Chrono Boost)  
  16  0:43  Gateway  
  16  0:50  Probe (Chrono Boost)  
  16  0:54  Assimilator  
  17  0:58  Probe (Chrono Boost)  
  18  1:11  Probe  
  19  1:23  Probe (Chrono Boost)  
  20  1:35  Probe (Chrono Boost), Cybernetics Core  
  21  1:46  Nexus  
  21  1:50  Zealot  
  23  1:57  Pylon  
  23  2:04  Assimilator  
  23  2:15  Probe  
  23  2:16  Adept (Chrono Boost)  
  23  2:19  Shield Battery  
  26  2:35  Stargate  
  26  2:41  Adept  
  26  2:43  Shield Battery  
  27  2:53  Warp Gate (Chrono Boost)  
  27  2:54  Gateway  
  27  3:03  Shield Battery  
  27  3:05  Probe  
  28  3:06  Probe  
  29  3:13  Adept  
  29  3:17  Probe  
  32  3:23  Probe  
  33  3:31  Oracle (Chrono Boost)  
  36  3:51  Probe x2  
  38  4:03  Probe x2  
  38  4:06  Pylon  
  40  4:11  Nexus  
  40  4:20  Pylon, Oracle (Chrono Boost)  
  43  4:25  Probe  
  43  4:27  Probe  
  45  4:40  Adept, Shield Battery  
  45  4:41  Adept  
  45  4:44  Probe  
  50  4:46  Probe  
  50  4:51  Shield Battery  
  51  4:55  Oracle (Chrono Boost)  
  51  4:56  Probe  
  55  5:05  Adept  
  57  5:15  Probe x2  
  57  5:21  Twilight Council  
  59  5:22  Robotics Facility  
  59  5:27  Probe, Adept  
  60  5:44  Probe x2  
  60  5:46  Shield Battery  
  62  5:50  Gateway x2  
  62  5:52  Pylon  
  63  5:57  Probe x3  
  63  5:59  Pylon  
  63  6:02  Assimilator  
  65  6:04  Charge (Chrono Boost)  
  65  6:05  Forge  
  65  6:18  Immortal (Chrono Boost)  
  65  6:22  Pylon  
  69  6:31  Probe x3, Pylon  
  72  6:35  Assimilator  
  72  6:39  Adept  
  74  6:43  Probe x3  
  77  6:55  Probe x2  
  79  7:02  Probe  
  79  7:07  Probe x2  
  82  7:13  Protoss Ground Weapons Level 1  
  82  7:14  Probe  
  87  7:19  Probe x2  
  87  7:22  Templar Archives  
  83  7:23  Gateway  
  83  7:24  Phoenix  
  83  7:25  Gateway  
  83  7:29  Stargate  
  81  7:32  Probe  
  81  7:33  Probe x2  
  81  7:34  Pylon  
  81  7:35  Assimilator  
  81  7:36  Pylon  
  84  7:37  Pylon  
  84  7:39  Assimilator  
  84  7:40  Photon Cannon  
  84  7:45  Photon Cannon, Probe  
  84  7:48  Pylon  
  84  7:49  Stalker  
  87  7:53  Phoenix (Chrono Boost)  
  87  7:57  Probe  
  87  7:58  Probe x2  
  92  8:07  Stalker x3  
  94  8:16  Phoenix  
  95  8:26  Probe x3  
  90  8:34  Zealot x4  
  98  8:47  Probe (Chrono Boost)  
  98  8:48  Probe (Chrono Boost)  
  100  8:51  Probe (Chrono Boost)  
  100  8:52  High Templar  
  100  8:53  High Templar  
  105  8:56  Gateway  
  105  8:59  Probe (Chrono Boost)  
  105  9:00  Probe (Chrono Boost)  
  105  9:01  Pylon  
Show
View Real Time Build Order
Export as new Build Order

Huntedswarm Zerg 

Build Orders: Hatch First 

Get SALT Encoding   

  12  0:01  Drone  
  13  0:12  Drone  
  14  0:18  Extractor  
  14  0:19  Drone  
  15  0:40  Hatchery  
  14  0:54  Spawning Pool  
  13  0:58  Drone  
  13  1:03  Extractor  
  13  1:04  Drone  
  14  1:12  Overlord  
  14  1:30  Drone x2  
  14  1:31  Drone  
  17  1:42  Queen  
  19  1:47  Zergling x2  
  19  1:52  Zergling x2  
  21  2:05  Metabolic Boost  
  21  2:06  Queen  
  23  2:10  Zergling x2  
  23  2:13  Zergling x2  
  25  2:19  Overlord  
  25  2:24  Zergling x2  
  25  2:26  Zergling x2  
  25  2:29  Zergling x2  
  28  2:41  Zergling x6  
  31  2:49  Zergling x4  
  33  2:54  Zergling x6  
  36  3:05  Overlord  
  36  3:06  Overlord  
  36  3:29  Drone x6  
  41  3:38  Drone  
  41  3:40  Drone x3  
  41  3:41  Drone  
  46  3:49  Drone x2  
  46  3:50  Drone  
  46  3:53  Extractor  
  48  3:58  Baneling Nest  
  48  4:00  Zergling x2  
  48  4:01  Zergling x2  
  49  4:06  Overlord  
  49  4:12  Zergling x4  
  51  4:20  Spore Crawler  
  50  4:25  Overlord  
  50  4:27  Zergling x8  
  54  4:40  Drone x3  
  54  4:42  Lair  
  57  4:47  Spore Crawler  
  57  4:48  Drone x2  
  58  4:58  Baneling  
  58  4:59  Baneling x3  
  56  5:13  Drone x9  
  55  5:37  Extractor, Drone x3  
  55  5:39  Extractor  
  54  5:56  Drone  
  55  5:57  Drone  
  55  5:59  Overlord x3  
  56  6:05  Spire  
  54  6:48  Hatchery  
  52  7:16  Mutalisk x8  
  66  7:25  Zergling x2  
  66  7:26  Zergling x18  
  76  7:38  Baneling x3  
  76  7:41  Zergling x8  
  76  7:42  Zergling x6  
  83  7:52  Mutalisk  
  85  8:13  Zergling x4  
  85  8:14  Zergling x10  
  90  8:24  Drone x2  
  70  8:41  Zergling x10  
  70  8:42  Zergling x6  
  70  8:45  Mutalisk  
  73  8:56  Baneling x4  
  73  8:57  Baneling x3  
Tags
 
Add a new tag
Caveats
  • Supply blocks, unpowered buildings, or Contaminate may cause inaccurate times.
  • Supply counts are checked every 10 seconds.